 Dungeon Crawl Stone Soup version 0.29.1-15-g9cfb28693d (webtiles) character file.

Game seed: 6163204354587984230

16142 dudediamond6 the Nimble (level 12, -14/94 HPs)
             Began as a Gnoll Gladiator on Feb 24, 2023.
             Was an Elder of Okawaru.
             Hit by a large rock thrown by a cyclops (20 damage)
             ... on level 12 of the Dungeon.
             The game lasted 00:31:57 (14861 turns).

dudediamond6 the Nimble (Gnoll Gladiator)          Turns: 14861, Time: 00:31:58

Health: -14/94     AC: 14    Str: 22    XL:     12   Next: 34%
Magic:  21/23      EV: 18    Int:  9    God:    Okawaru [****..]
Gold:   784        SH:  5    Dex: 13    Spells: 24/25 levels left

rFire   . . .      SeeInvis +   y - +7 staff of the Meek {protect, meekguard}
rCold   . . .      Faith    .   (shield currently unavailable)
rNeg    . . .      Spirit   .   Y - +0 troll leather armour
rPois   .          Reflect  +   a - +2 helmet of Myhet {Str+4}
rElec   .          Harm     .   S - +0 cloak
rCorr   .          Rampage  .   (no gloves)
Will    +....                   v - +2 pair of boots
Stlth   +++++.....              w - amulet of reflection
HPRegen 1.05/turn               h - ring of see invisible
MPRegen 0.18/turn               r - ring of the Sky {+Blink Will+}

@: heroic
A: fangs 1, strong nose, distributed training
a: Renounce Religion, Evoke Blink, Heroism, Finesse


You were on level 12 of the Dungeon.
You worshipped Okawaru.
Okawaru was greatly pleased with you.
You visited 2 branches of the dungeon, and saw 13 of its levels.

You collected 808 gold pieces.
You spent 24 gold pieces at shops.

Inventory:

Hand Weapons
 y - the +7 staff of the Meek (weapon) {protect, meekguard}
   (You found it on level 4 of the Dungeon)

   It grants its wielder temporary protection when it strikes (+7 to AC).
   It provides extra protection to wielders with little health.
 C - a +4 mace
 L - a +3 battleaxe
 O - a +2 vorpal quarterstaff
Missiles
 d - 2 throwing nets (quivered)
 e - 7 javelins
 p - an atropa-tipped dart
 I - a curare-tipped dart
 J - 3 silver javelins
Armour
 a - the +2 helmet of Myhet (worn) {Str+4}
   (You found it on level 12 of the Dungeon)

   Str:       It affects your strength (+4).
 l - a +0 ring mail
 s - +0 acid dragon scales
 v - a +2 pair of boots (worn)
 R - a scarf of harm
 S - a +0 cloak (worn)
 Y - a +0 troll leather armour (worn)
Jewellery
 h - a ring of see invisible (left hand)
 r - the ring of the Sky (right hand) {+Blink Will+}
   (You found it on level 2 of the Dungeon)

   [ring of willpower]

   +Blink:    It lets you blink.
   Will:      It increases your willpower.
 w - an amulet of reflection (around neck)
 N - a ring of willpower
 Z - an amulet of guardian spirit
Wands
 c - a wand of flame (4)
 n - a wand of quicksilver (5)
 G - a wand of charming (5)
 P - a wand of roots (9)
 W - a wand of digging (3)
Scrolls
 b - a scroll of vulnerability
 g - a scroll of poison
 j - 3 scrolls of butterflies
 m - 7 scrolls of teleportation
 q - 2 scrolls of noise {unknown}
 t - a scroll of summoning {unknown}
 x - 4 scrolls of amnesia
 E - a scroll of acquirement {unknown}
 K - a scroll of blinking {unknown}
 V - a scroll of fear {unknown}
 X - a scroll of enchant weapon {unknown}
Potions
 f - 2 potions of resistance {unknown}
 i - a potion of heal wounds
 k - 3 potions of mutation {unknown}
 o - 2 potions of brilliance {unknown}
 u - 4 potions of degeneration
 z - 2 potions of magic {unknown}
 A - 4 potions of haste
 B - 3 potions of curing {unknown}
 D - a potion of berserk rage {unknown}
 F - a potion of might
 H - 3 potions of attraction {unknown}
 M - a potion of flight {unknown}
 Q - a potion of invisibility {unknown}
 T - a potion of lignification {unknown}


   Skills:
 + Level 8.8(13.8) Fighting
 + Level 7.4(12.4) Short Blades
 + Level 7.4(12.4) Long Blades
 + Level 7.4(12.4) Axes
 + Level 7.4(12.4) Maces & Flails
 + Level 10.0(15.0) Polearms
 + Level 7.4(12.4) Staves
 + Level 7.4(12.4) Ranged Weapons
 + Level 8.8(13.8) Throwing
 + Level 7.4(12.4) Armour
 + Level 10.0(15.0) Dodging
 + Level 7.4(12.4) Stealth
 + Level 7.4(12.4) Shields
 + Level 7.4(12.4) Unarmed Combat
 + Level 7.4 Spellcasting
 + Level 6.2 Conjurations
 + Level 6.2 Hexes
 + Level 6.2 Summonings
 + Level 6.2 Necromancy
 + Level 6.2 Translocations
 + Level 6.2 Transmutations
 + Level 6.2 Fire Magic
 + Level 6.2 Ice Magic
 + Level 6.2 Air Magic
 + Level 6.2 Earth Magic
 + Level 6.2 Poison Magic
 + Level 8.2 Invocations
 + Level 7.4 Evocations


You had 24 spell levels left.
You knew the following spells:

 Your Spells              Type           Power      Damage    Failure   Level
a - Foxfire               Conj/Fire      56%        2x1d6     1%          1

Your spell library contained the following spells:

 Spells                   Type           Power      Damage    Failure   Level
 Apportation              Tloc           28%        N/A       1%          1
 Necrotise                Necr           56%        1d6       1%          1
 Slow                     Hex            56%        N/A       1%          1
 Blink                    Tloc           28%        N/A       2%          2
 Ensorcelled Hibernation  Hex/Ice        28%        N/A       2%          2
 Passwall                 Tmut/Erth      11%        N/A       2%          2
 Confusing Touch          Hex            14%        N/A       4%          3
 Conjure Flame            Conj/Fire      14%        6-21      4%          3
 Inner Flame              Hex/Fire       14%        N/A       4%          3
 Lesser Beckoning         Tloc           14%        N/A       4%          3
 Swiftness                Air            14%        N/A       4%          3
 Vampiric Draining        Necr           14%        2d7       4%          3
 Flame Wave               Conj/Fire      14%        2d6       16%         4
 Manifold Assault         Tloc           14%        N/A       41%         5
 Borgnjor's Revivificati  Necr           7%         N/A       100%        8
 Necromutation            Tmut/Necr      7%         N/A       100%        8
 Death's Door             Necr           7%         N/A       100%        9
 Summon Small Mammal      Summ           Unusable   N/A       N/A         1
 Animate Armour           Summ/Erth      Unusable   N/A       N/A         4
 Summon Forest            Summ/Tloc      Unusable   N/A       N/A         5
 Summon Horrible Things   Summ           Unusable   N/A       N/A         8

Dungeon Overview and Level Annotations

Branches:
Dungeon (12/15)            Temple (1/1) D:6            Lair (0/5) D:8
    Orc (0/2) D:12

Altars:
Ashenzari
Cheibriados
Dithmenos
Elyvilon
Fedhas
Gozag
Hepliaklqana
Kikubaaqudgha
Makhleb
Nemelex Xobeh
Okawaru
Qazlal
Ru
Sif Muna
Trog
Uskayaw
Vehumet
Wu Jian
Xom
Yredelemnul
Zin
The Shining One

Shops:
D:2 *   D:11 [


Innate Abilities, Weirdness & Mutations

You have very sharp teeth.
Your uncanny sense of smell can sniff out nearby items.
Your experience applies equally to all skills.


Message History

Urug hits you but does no damage.
You are more poisoned.
You thump Urug!
You kill Urug!
Okawaru is honoured by your kill.
You feel sick.
Your hands slow down.
You feel very sick.
e - 7 javelins (gained 4)
P - a wand of roots (9) (gained 4 charges)
M - a golden potion
Things that are here:
a +1 halberd of venom; a +0 chain mail; the orc corpse of Urug You feel very sick.
Aiming: Fastroot
Press: ? - help, Q - select action, (/) - cycle Shift-Dir - straight line
Okay, then.
You feel very sick.
You start resting.
You feel very sick.
You feel sick. x3
Magic restored.
You feel sick.
You start resting.
You feel sick. x4
You are no longer poisoned.
A cyclops comes into view.
The cyclops shouts!
You hear two shouts!
You feel more confident with your borrowed prowess.
The cyclops throws a large rock.
You reflect the large rock off an invisible shield around you!
The large rock hits the cyclops!!
You are too injured to fight recklessly!
Aiming: Throw Flame
Press: ? - help, Q - select action, (/) - cycle Shift-Dir - straight line, f - cyclops
Aim: a cyclops, quivering large rocks (severely wounded, 98% to hit)
The puff of flame hits the cyclops.
The cyclops is severely wounded.
The cyclops throws a large rock.
The large rock hits you!!
* * * LOW HITPOINT WARNING * * *
The cyclops throws a large rock.
The large rock hits you!!
You die...

..........<................
........#.....>............
................†..........
.......###...(.........<...
.......####.....[..........
..................C........
.####.....#.###...#.#.....)
.#####..........#.....O....
....#....####...@..).......
###.......#####.###)#......
####..###...###.# #(.......
##.....###...##.# #........
...###..###..##.###........
.### ##..........##........
.# #####....#.##.......> ##
###....##....... ......


You could see a two-headed ogre and a cyclops.

Vanquished Creatures
  The ghost of lmSkywalker the Fighter, a journeyman DrVM of Trog (D:11)
  2 hydras
  A boulder beetle (D:12)
  2 two-headed ogres
  Urug (D:12)
  A cyclops (D:12)
  An ugly thing (D:11)
  Maurice (D:12)
  Joseph (D:9)
  A gargoyle (D:9)
  3 unseen horrors
  A komodo dragon (D:11)
  3 trolls
  Grinder (D:3)
  Sigmund (D:5)
  2 vampires
  A wyvern (D:11)
  15 yaks
  Edmund (D:5)
  2 acid dragons
  3 water moccasins
  A black bear (D:5)
  An ice beast (D:6)
  2 orc warriors
  An ogre (D:6)
  8 centaurs
  4 kobold brigands
  3 phantoms
  4 bullfrogs
  3 scorpions
  31 wights
  4 killer bees (D:8)
  7 howler monkeys
  5 hounds
  A jelly (D:6)
  5 orc priests
  A gnoll bouda (D:7)
  Jessica (D:2)
  2 scorpion zombies (D:4)
  6 orc wizards
  Natasha (thrice) (D:2)
  3 iguanas
  6 gnolls
  8 adders
  An ufetubus (D:6)
  An adder zombie (D:4)
  4 worms
  2 dart slugs
  24 orcs
  6 endoplasms
  7 giant cockroaches
  5 goblins
  9 hobgoblins
  11 jackals
  22 kobolds
  8 quokkas
  7 ball pythons
  8 bats
  2 frilled lizards
  4 rats
276 creatures vanquished.

Vanquished Creatures (collateral kills)
  An adder (D:6)
  A kobold (D:6)
2 creatures vanquished.

Vanquished Creatures (others)
  19 foxfires
  10 plants
  4 withered plants (D:4)
33 creatures vanquished.

Grand Total: 311 creatures vanquished

Notes
Turn   | Place    | Note
-------+----------+-------------------------------------------
     0 | D:1      | dudediamond6 the Gnoll Gladiator began the quest for the
                  | Orb.
     0 | D:1      | Reached XP level 1. HP: 20/20 MP: 1/1
   258 | D:1      | Reached XP level 2. HP: 26/26 MP: 2/2
   742 | D:1      | Reached XP level 3. HP: 28/31 MP: 3/3
  1103 | D:2      | Noticed Natasha
  1107 | D:2      | Killed Natasha
  1108 | D:2      | Reached skill level 1 in Short Blades
  1108 | D:2      | Reached skill level 1 in Long Blades
  1108 | D:2      | Reached skill level 1 in Axes
  1108 | D:2      | Reached skill level 1 in Maces & Flails
  1108 | D:2      | Reached skill level 1 in Staves
  1108 | D:2      | Reached skill level 1 in Ranged Weapons
  1108 | D:2      | Reached skill level 1 in Armour
  1108 | D:2      | Reached skill level 1 in Stealth
  1108 | D:2      | Reached skill level 1 in Shields
  1108 | D:2      | Reached skill level 1 in Unarmed Combat
  1108 | D:2      | Reached skill level 1 in Spellcasting
  1108 | D:2      | Reached skill level 1 in Invocations
  1108 | D:2      | Reached skill level 1 in Evocations
  1164 | D:2      | Noticed Jessica
  1167 | D:2      | Killed Jessica
  1168 | D:2      | Reached skill level 1 in Conjurations
  1168 | D:2      | Reached skill level 1 in Hexes
  1168 | D:2      | Reached skill level 1 in Summonings
  1168 | D:2      | Reached skill level 1 in Necromancy
  1168 | D:2      | Reached skill level 1 in Translocations
  1168 | D:2      | Reached skill level 1 in Transmutations
  1168 | D:2      | Reached skill level 1 in Fire Magic
  1168 | D:2      | Reached skill level 1 in Ice Magic
  1168 | D:2      | Reached skill level 1 in Air Magic
  1168 | D:2      | Reached skill level 1 in Earth Magic
  1168 | D:2      | Reached skill level 1 in Poison Magic
  1168 | D:2      | Reached XP level 4. HP: 38/38 MP: 5/5
  1620 | D:2      | Reached XP level 5. HP: 43/43 MP: 7/7
  1708 | D:2      | Identified the ring of the Sky {+Blink Will+}
  1720 | D:2      | You fall into a shaft and drop 2 floors!
  2194 | D:4      | Reached XP level 6. HP: 42/50 MP: 8/8
  2370 | D:3      | Found a burning altar of Makhleb.
  2467 | D:2      | Noticed Natasha
  2474 | D:2      | Killed Natasha
  2475 | D:2      | Reached skill level 5 in Fighting
  2475 | D:2      | Reached skill level 5 in Throwing
  2488 | D:2      | Found Ixiw Red's General Store.
  2496 | D:2      | Bought a scroll of identify for 24 gold pieces
  2586 | D:2      | Noticed Natasha
  2599 | D:2      | Killed Natasha
  2866 | D:3      | Found a snail-covered altar of Cheibriados.
  3085 | D:3      | Noticed Grinder
  3132 | D:3      | Killed Grinder
  3133 | D:3      | Reached XP level 7. HP: 20/56 MP: 10/10
  4071 | D:4      | Found a hazy altar of Hepliaklqana.
  4074 | D:4      | Found a shadowy altar of Dithmenos.
  4074 | D:4      | Noticed a shadow
  4308 | D:4      | Found the +7 staff of the Meek {protect, meekguard}
  4615 | D:5      | Entered Level 5 of the Dungeon
  4820 | D:5      | Reached XP level 8. HP: 54/63 MP: 12/12
  4873 | D:5      | Identified the +5 shortbow of Gulav {freeze, rN+ Str+2
                  | Int+2}
  4885 | D:5      | Noticed Edmund
  4895 | D:5      | Killed Edmund
  4944 | D:5      | Noticed Sigmund
  4950 | D:5      | Killed Sigmund
  5698 | D:6      | Reached XP level 9. HP: 56/69 MP: 14/14
  5852 | D:6      | Learned a level 1 spell: Foxfire
  6412 | D:6      | Found a staircase to the Ecumenical Temple.
  6426 | Temple   | Entered the Ecumenical Temple
  6542 | Temple   | Became a worshipper of Warmaster Okawaru
  7180 | D:6      | Reached skill level 5 in Invocations
  7499 | D:7      | Found a shimmering blue altar of Sif Muna.
  7684 | D:7      | Reached * piety under Okawaru
  8099 | D:7      | Reached skill level 5 in Short Blades
  8099 | D:7      | Reached skill level 5 in Long Blades
  8099 | D:7      | Reached skill level 5 in Axes
  8099 | D:7      | Reached skill level 5 in Maces & Flails
  8099 | D:7      | Reached skill level 5 in Staves
  8099 | D:7      | Reached skill level 5 in Ranged Weapons
  8099 | D:7      | Reached skill level 5 in Armour
  8099 | D:7      | Reached skill level 5 in Stealth
  8099 | D:7      | Reached skill level 5 in Shields
  8099 | D:7      | Reached skill level 5 in Unarmed Combat
  8099 | D:7      | Reached skill level 5 in Spellcasting
  8099 | D:7      | Reached skill level 5 in Evocations
  8099 | D:7      | Reached XP level 10. HP: 62/76 MP: 15/17
  8525 | D:8      | Reached ** piety under Okawaru
  8920 | D:8      | Found a staircase to the Lair.
  9364 | D:8      | Found a glowing golden altar of the Shining One.
  9698 | D:8      | Reached *** piety under Okawaru
  9880 | D:8      | Found a sparkling altar of Nemelex Xobeh.
 10203 | D:9      | Noticed Joseph
 10220 | D:9      | Killed Joseph
 10383 | D:9      | Noticed a gargoyle
 10398 | D:9      | Killed a gargoyle
 10399 | D:9      | Reached skill level 5 in Conjurations
 10399 | D:9      | Reached skill level 5 in Hexes
 10399 | D:9      | Reached skill level 5 in Summonings
 10399 | D:9      | Reached skill level 5 in Necromancy
 10399 | D:9      | Reached skill level 5 in Translocations
 10399 | D:9      | Reached skill level 5 in Transmutations
 10399 | D:9      | Reached skill level 5 in Fire Magic
 10399 | D:9      | Reached skill level 5 in Ice Magic
 10399 | D:9      | Reached skill level 5 in Air Magic
 10399 | D:9      | Reached skill level 5 in Earth Magic
 10399 | D:9      | Reached skill level 5 in Poison Magic
 10399 | D:9      | Reached XP level 11. HP: 19/85 MP: 17/20
 11051 | D:9      | Reached **** piety under Okawaru
 11482 | D:10     | Entered Level 10 of the Dungeon
 11697 | D:10     | Noticed a two-headed ogre
 11704 | D:10     | Killed a two-headed ogre
 11921 | D:10     | Identified the +2 leather armour of Insatiable Hunger {rC+
                  | rN+}
 11986 | D:10     | Found a sacrificial altar of Ru.
 12827 | D:11     | Found Yrheboj's Antique Armour Boutique.
 13100 | D:11     | Noticed a seven-headed hydra
 13713 | D:11     | Found a runed translucent door.
 13713 | D:11     | Noticed lmSkywalker's ghost (journeyman DrVM)
 13714 | D:11     | Noticed a cyan ugly thing
 13738 | D:11     | Killed lmSkywalker's ghost
 13747 | D:11     | Killed a cyan ugly thing
 13835 | D:11     | Killed a seven-headed hydra
 13835 | D:11     | Received a gift from Okawaru
 14032 | D:11     | Received a gift from Okawaru
 14344 | D:11     | Got the Precepts of the Supportive Wayfarer
 14383 | D:12     | Noticed a two-headed ogre
 14385 | D:12     | Noticed a six-headed hydra
 14416 | D:12     | Killed a two-headed ogre
 14458 | D:12     | Identified the +2 helmet of Myhet {Str+4}
 14534 | D:12     | Noticed Maurice
 14537 | D:12     | Noticed a boulder beetle
 14538 | D:12     | Noticed Urug
 14675 | D:12     | Killed a boulder beetle
 14676 | D:12     | Reached XP level 12. HP: 65/94 MP: 22/22
 14743 | D:12     | Killed a six-headed hydra
 14743 | D:12     | Received a gift from Okawaru
 14807 | D:12     | Received a gift from Okawaru
 14811 | D:12     | Noticed a two-headed ogre
 14829 | D:12     | Killed Maurice
 14837 | D:12     | Reached skill level 10 in Polearms
 14837 | D:12     | Reached skill level 10 in Dodging
 14837 | D:12     | Found a staircase to the Orcish Mines.
 14838 | D:12     | Killed Urug
 14859 | D:12     | HP: 4/94 [cyclops/large rock (23)]
 14861 | D:12     | Hit by a large rock thrown by a cyclops

Illustrated notes

Levels and vault maps discovered:
D:1:      dpeg_arrival_signposts, layout_loops_ring
D:2:      layout_rooms, serial_shops, nicolae_square_shop, st_stairs_3,
          uniq_natasha, uniq_jessica
D:3:      layout_loops_cross, chequers_temple_overflow_statue_of_worship,
          dreamdust_princess_bridge, uniq_grinder
D:4:      layout_rooms, riverfiend_overflow_shadow_ancestor, serial_undead,
          serial_undead_b, serial_undead_b, serial_undead_e, serial_undead_c,
          pf_guarded_unrand_meek
D:5:      layout_basic, sigmund_edmund_badplayer, uniq_sigmund
D:6:      minmay_skewed_foursquare, layout_basic, minmay_temple_entry_overgrown
D:7:      layout_rooms, overflow_temple_1_default
D:8:      layout_loops_cross, mainiacjoe_overflow_swirl, dpeg_oklobed_lair,
          minmay_fountain_box, blue_anna_alchemist
D:9:      layout_roguey, uniq_joseph
D:10:     layout_stronghold, kennysheep_mini
D:11:     layout_grid_maze, serial_shops, nicolae_diamond_shop,
          ebering_ghost_inner_flame, minmay_between
D:12:     layout_rooms, orc_0_dummy, uniq_urug, uniq_maurice
Temple:   compressed_dpeg_circular_temple

Skill      XL: |  1  2  3  4  5  6  7  8  9 10 11 12 |
---------------+-------------------------------------+-----
Short Blades   | 1 2 3 5 6 7 |  7.4
Long Blades    | 1 2 3 5 6 7 |  7.4
Axes           | 1 2 3 5 6 7 |  7.4
Maces & Flails | 1 2 3 5 6 7 |  7.4
Staves         | 1 2 3 5 6 7 |  7.4
Ranged Weapons | 1 2 3 5 6 7 |  7.4
Armour         | 1 2 3 5 6 7 |  7.4
Stealth        | 1 2 3 5 6 7 |  7.4
Shields        | 1 2 3 5 6 7 |  7.4
Unarmed Combat | 1 2 3 5 6 7 |  7.4
Spellcasting   | 1 2 3 5 6 7 |  7.4
Invocations    | 1 2 3 4 5 6 7 8 |  8.2
Evocations     | 1 2 3 5 6 7 |  7.4
Conjurations   | 1 2 3 4 5 6 |  6.2
Hexes          | 1 2 3 4 5 6 |  6.2
Summonings     | 1 2 3 4 5 6 |  6.2
Necromancy     | 1 2 3 4 5 6 |  6.2
Translocations | 1 2 3 4 5 6 |  6.2
Transmutations | 1 2 3 4 5 6 |  6.2
Fire Magic     | 1 2 3 4 5 6 |  6.2
Ice Magic      | 1 2 3 4 5 6 |  6.2
Air Magic      | 1 2 3 4 5 6 |  6.2
Earth Magic    | 1 2 3 4 5 6 |  6.2
Poison Magic   | 1 2 3 4 5 6 |  6.2
Fighting       | 5 6 7 8 |  8.8
Throwing       | 5 6 7 8 |  8.8
Polearms       | 7 8 9 10 | 10.0
Dodging        | 7 8 9 10 | 10.0

Action                   |  1- 3 |  4- 6 |  7- 9 | 10-12 || total
-------------------------+-------+-------+-------+-------++-------
Melee: Trident           |    62 |   182 |    91 |       ||   335
       Bite              |     3 |    21 |    34 |    65 ||   123
       Punch             |       |     4 |     2 |       ||     6
       Whip              |       |    70 |    11 |       ||    81
       Quarterstaff      |       |       |   212 |   441 ||   653
Throw: Throwing net      |       |     3 |       |     2 ||     5
 Cast: Foxfire           |       |       |     2 |     8 ||    10
Invok: Heroism           |       |       |     2 |    14 ||    16
       Finesse           |       |       |       |     2 ||     2
Evoke: Wand              |       |     4 |     3 |    22 ||    29
  Use: Scroll            |       |     5 |     2 |     5 ||    12
       Potion            |       |       |       |     3 ||     3
 Stab: Sleeping          |     1 |     1 |     3 |     6 ||    11
Armor: Leather armour    |     3 |       |       |    40 ||    43
       Ring mail         |     3 |    59 |    86 |    73 ||   221
       Troll leather arm |       |       |       |    37 ||    37
Dodge: Dodged            |    20 |   161 |   184 |   298 ||   663
Block: Other             |       |     5 |    79 |    84 ||   168
       Reflection        |       |       |       |     9 ||     9
